 Dungeon Crawl Stone Soup version 0.29-a0-322-g68df515428 (webtiles) character file.

Game seed: 7213223912832299376

109 kae the Firebug (level 4, -15/25 HPs)
             Began as a Tengu Fire Elementalist on Apr 7, 2022.
             Killed from afar by Ijyb (20 damage)
             ... with a bolt of acid
             ... on level 3 of the Dungeon.
             The game lasted 00:01:33 (3103 turns).

kae the Firebug (Tengu Fire Elementalist)           Turns: 3103, Time: 00:01:33

Health: -15/25     AC:  2    Str:  8    XL:     4   Next: 90%
Magic:  6/8        EV: 12    Int: 18    God:
Gold:   75         SH:  0    Dex: 14    Spells: 1/7 levels left

rFire   . . .      SeeInvis .   (no weapon)
rCold   . . .      Faith    .   (no shield)
rNeg    . . .      Spirit   .   a - +0 robe
rPois   .          Reflect  .   (helmet restricted)
rElec   .          Harm     .   (no cloak)
rCorr   .          Rampage  .   (no gloves)
Will    .....                   (boots unavailable)
Stlth   ++........              (no amulet)
HPRegen 0.08/turn               (no ring)
MPRegen 0.11/turn               (no ring)

@: no status effects
A: beak, talons 3
a: no special abilities


You were on level 3 of the Dungeon.
You visited 1 branch of the dungeon, and saw 3 of its levels.

You collected 75 gold pieces.

Inventory:

Armour
 a - a +0 robe (worn)
Scrolls
 c - a scroll of teleportation
 h - a scroll of holy word {unknown}
Potions
 b - 4 potions of magic
 d - a potion of lignification
 e - 2 potions of attraction
 f - a potion of mutation {unknown}
 g - a potion of heal wounds {unknown}


   Skills:
 + Level 1.4 Fighting
 + Level 1.6 Armour
 + Level 2.7 Dodging
 - Level 2.0 Stealth
 + Level 2.3 Spellcasting
 + Level 2.5 Conjurations
 * Level 4.3 Fire Magic


You had one spell level left.
You knew the following spells:

 Your Spells              Type           Power      Damage    Failure   Level
a - Foxfire               Conj/Fire      56%        2x1d6     4%          1
b - Scorch                Fire           34%        2d6       4%          2
c - Conjure Flame         Conj/Fire      14%        6-21      13%         3

Your spell library contained the following spells:

 Spells                   Type           Power      Damage    Failure   Level
 Magic Dart               Conj           44%        1d5       6%          1
 Inner Flame              Hex/Fire       9%         N/A       22%         3
 Call Imp                 Summ           2%         N/A       26%         2
 Mephitic Cloud           Conj/Pois/Air  5%         N/A       36%         3
 Flame Wave               Conj/Fire      14%        2d6       41%         4


Dungeon Overview and Level Annotations

Branches:
Dungeon (3/15)

Altars:

Annotations:
D:3 Ijyb


Innate Abilities, Weirdness & Mutations

You have a beak for a mouth.
You have claws for feet.


Message History

Casting: Foxfire (safe; 4% risk of failure)
Confirm with . or Enter, or press ? or * to list all spells.
Flames lash the adder.
You kill the adder!
Found a book of Flames.
Casting: Scorch (safe; 4% risk of failure)
Confirm with . or Enter, or press ? or * to list all spells.
You can't see any susceptible monsters within range! (Use Z to cast anyway.)
You now have 61 gold pieces (gained 16).
You see here a book of Flames.
Found a ring mail.
Found a stone staircase leading up.
You now have 75 gold pieces (gained 14).
Ijyb the Twisted Goblin comes into view.
She is wielding a +6 dagger of electrocution and carrying a wand of acid (12).
Ijyb is nearby!
Ijyb is nearby!
Press: ? - help, . - travel You can't see that place. [the floor.] Placed new exclusion.
There is a stone staircase leading up here.
A goblin comes into view. It is wielding a +0 club.
Found a dagger.
A goblin is nearby!
A goblin is nearby!
There is a stone staircase leading up here.
A goblin is nearby!
Found 9 stones.
The goblin shouts!
Found 18 gold pieces.
Casting: Scorch (safe; 4% risk of failure)
Confirm with . or Enter, or press ? or * to list all spells.
Flames lash the goblin.
You kill the goblin!
You hear a shout!
Ijyb zaps a wand.
The bolt of acid hits you!!
Ouch! That really hurt!
* * * LOW HITPOINT WARNING * * *
Ijyb zaps a wand.
The bolt of acid hits you!!
Ouch! That really hurt!
You die...

. ..## ..... ##...####
.[......#######
#...........#
#.###..####g.. ####
#....#...<# .....
###########.####@###......
.........:..# #...g......
############# ####...)...
#...... ...... ..... ...(.
.$.. ####


You could see Ijyb.

Vanquished Creatures
  6 adders
  A worm (D:2)
  2 dart slugs
  2 ball pythons
  4 endoplasms
  2 giant cockroaches
  7 goblins
  4 hobgoblins
  6 kobolds
  4 quokkas
  4 bats
  5 rats
47 creatures vanquished.

Vanquished Creatures (collateral kills)
  2 foxfires (D:1)
2 creatures vanquished.

Vanquished Creatures (others)
  107 foxfires
107 creatures vanquished.

Grand Total: 156 creatures vanquished

Notes
Turn   | Place    | Note
-------+----------+-------------------------------------------
     0 | D:1      | kae the Tengu Fire Elementalist began the quest for the
                  | Orb.
     0 | D:1      | Reached XP level 1. HP: 10/10 MP: 4/4
   238 | D:1      | Reached XP level 2. HP: 16/16 MP: 4/6
   278 | D:1      | Learned a level 2 spell: Scorch
   811 | D:1      | Reached XP level 3. HP: 19/20 MP: 1/7
   815 | D:1      | Learned a level 3 spell: Conjure Flame
   983 | D:1      | Found a faded altar of an unknown god.
  1482 | D:2      | Reached skill level 1 in Armour
  1736 | D:2      | Reached skill level 1 in Fighting
  1736 | D:2      | Reached skill level 4 in Fire Magic
  1893 | D:2      | Reached XP level 4. HP: 21/25 MP: 2/8
  3088 | D:3      | Noticed Ijyb
  3103 | D:3      | Killed from afar by Ijyb

Illustrated notes

Levels and vault maps discovered:
D:1:      elethiomel_arrival_diamonds, layout_rooms,
          shapermc_ecumenical_altar_hornbeckon, grunt_decor_mini_mirrors,
          dreamdust_princess_corridor
D:2:      layout_basic, kennysheep_generic_room_10
D:3:      layout_rooms, minmay_ogre_servants, uniq_ijyb

Skill      XL: |  1  2  3 |
---------------+----------+-----
Conjurations   | 2 |  2.5
Armour         | 1 |  1.6
Fighting       | 1 |  1.4
Fire Magic     | 4 |  4.3
Dodging        | |  2.7
Stealth        | |  2.0
Spellcasting   | |  2.3

Action                   |  1- 3 |  4- 6 || total
-------------------------+-------+-------++-------
Melee: Unarmed           |    23 |     8 ||    31
       Kick              |     5 |     2 ||     7
       Peck              |     3 |       ||     3
 Cast: Foxfire           |    48 |    16 ||    64
       Scorch            |    13 |    10 ||    23
  Use: Scroll            |     2 |     1 ||     3
 Stab: Sleeping          |     1 |       ||     1
Armor: Robe              |     3 |     1 ||     4
Dodge: Dodged            |    27 |     4 ||    31

Table legend: (Time is in decaauts)
 A = Elapsed time spent in this place.
 B = Non-inter-level travel time spent in this place.
 C = Inter-level travel time spent in this place.
 D = Time resting spent in this place.
 E = Time spent auto-exploring this place.
 F = Levels seen in this place.
 G = Mean time per level.
                   A        B        C        D        E       F      G
               +--------+--------+--------+--------+--------+-----+--------+
         Total |   3110 |   3062 |     48 |    476 |   2227 |   3 | 1036.7 |
       Dungeon |   3110 |   3062 |     48 |    476 |   2227 |   3 | 1036.7 |
               +--------+--------+--------+--------+--------+-----+--------+

Top non-repeatable levels by time:
     D:2: 1567 daAuts
     D:1: 1395 daAuts
     D:3: 147 daAuts
